cohdb
Replays
Latest Replays
All Replays
Popular Replays
Top Player Replays
Match Explorer
How It Works
Community
CoH3 Stats
Reddit
Sign in to upload your games and track your stats! →
Sign in with Steam
Match 43252721
Unlisted
Match 43252721
Overview
Messages
Build Orders
End
Construct Infanterie Kompanie
Pioneer Squad
Grenadier Squad
Selects Terror Battlegroup
MG 42 Machine Gun Team
Selects Machine Gun Camouflage
Grenadier Squad
Grenadier Squad
Construct Luftwaffe Kompanie
221 Scout Car
Jäger Squad
Support Elements
Selects Contempt for the Weak
Selects Jericho Trumpet
Wirbelwind Flakpanzer
Medical Bunker
Pioneer Squad
Jäger Squad
Jäger Squad
Wirbelwind Flakpanzer
Marder III M Tank Destroyer
Selects Defend the Fatherland
Pioneer Squad
Marder III M Tank Destroyer
Barbarossa
MasterStef
0
0
Comments
sign in to comment!
No comments posted yet!